 Dungeon Crawl Stone Soup version 0.19.0-24-gb05acd6 (webtiles) character file.

2037 Monkfish the Covert (level 9, -1/82 HPs)
             Began as a Kobold Berserker on Nov 21, 2016.
             Was a High Priest of Trog.
             Slain by a troll (4 damage)
             ... on level 7 of the Dungeon.
             The game lasted 00:09:06 (4985 turns).

Monkfish the Covert (Kobold Berserker)              Turns: 4985, Time: 00:09:06

Health: -1/82      AC: 11    Str: 22    XL:     9   Next: 48%
Magic:  9/9        EV: 17    Int:  8    God:    Trog [*****.]
Gold:   269        SH:  0    Dex: 17    Spells: 0 memorised, 8 levels left

rFire  . . .     SeeInvis .     l - +7 hand axe "Sobleav" {chop, +Rage rPois}
rCold  . . .     Gourm    .     d - +1 leather armour
rNeg   . . .     Faith    +     (shield restricted)
rPois  +         Spirit   .     (helmet restricted)
rElec  .         Reflect  .     s - +0 cloak
rCorr  .         Harm     .     (no gloves)
MR     +....                    j - +0 pair of boots
Stlth  ..........               g - amulet of faith
                                h - +3 ring of protection
                                e - ring of protection from magic

@: berserking, very quick
A: horns 1, icy blue scales 1, agile 1, carnivore 3
a: Berserk, Trog's Hand, Brothers in Arms, Burn Spellbooks, Renounce Religion,
Evoke Berserk Rage


You were on level 7 of the Dungeon.
You worshipped Trog.
Trog was extremely pleased with you.
You were full.

You visited 1 branch of the dungeon, and saw 7 of its levels.
You also visited: Sewer.

You collected 269 gold pieces.

Inventory:

Hand Weapons
 a - a +1 short sword
 l - the +7 hand axe "Sobleav" (weapon) {chop, +Rage rPois}
   (You found it on level 4 of the Dungeon)

   It inflicts extra damage upon your enemies.
   It protects you from poison.
   It lets you go berserk.
Armour
 d - a +1 leather armour (worn)
 j - a +0 pair of boots (worn)
 s - a +0 cloak (worn)
Jewellery
 e - a ring of protection from magic (left hand)
 g - an amulet of faith (around neck)
 h - a +3 ring of protection (right hand)
Wands
 p - a wand of lightning (2/15)
Scrolls
 b - 2 scrolls of remove curse
 k - 4 scrolls of teleportation
 n - a scroll of enchant weapon
 o - a scroll of identify
Potions
 f - 3 potions of curing
 m - a potion of ambrosia
 q - 3 potions of flight
Comestibles
 c - 2 meat rations
 i - 2 slices of pizza


   Skills:
 + Level 5.9 Fighting
 - Level 7.0 Short Blades
 + Level 4.9 Axes
 - Level 1.5 Armour
 + Level 5.0 Dodging
 * Level 9.9 Stealth


You had 8 spell levels left.
You didn't know any spells.

Dungeon Overview and Level Annotations

Branches:
Dungeon (7/15)             Temple (0/1) D:5

Altars:
Dithmenos
Gozag
Qazlal
Ru
Uskayaw

Shops:
D:3 *


Innate Abilities, Weirdness & Mutations

You are small and have problems with some larger weapons.
You are carnivorous and can eat meat at any time.
You have a pair of small horns on your head.
You are partially covered in icy blue scales. (AC +2)
You are agile. (Dex +2)


Message History

The troll claws you!
You hit the troll.
The troll is moderately wounded.
The troll completely misses you. The troll closely misses you.
The troll claws you but does no damage.
You hit the troll.
The troll is moderately wounded.
The troll misses you. x2; The troll claws you!
A red film seems to cover your vision as you go berserk!
You feel yourself moving faster!
You feel mighty! The troll bites you!
* * * LOW HITPOINT WARNING * * *
The troll claws you!
* * * LOW HITPOINT WARNING * * *
The troll claws you but does no damage.
You slash the troll!
The troll is severely wounded.
You barely miss the troll. Your headbutt misses the troll.
The troll is severely wounded.
The troll bites you but does no damage. The troll claws you.
You die...

#.# #.# #.# #.#
#####.# #.T.#.#
####.#@#.#
.........<#
................/
......#.#.#..####
#######.#.#..#
..... ...
##.#.#..###
#.#.$.## #.#.. +


You could see a troll.

Vanquished Creatures
  Grinder (Sewer)
  Menkaure (D:5)
  A black bear (D:6)
  An ice beast (D:6)
  3 ogres
  2 big kobolds (Sewer)
  Blork the orc (D:5)
  A bullfrog (D:5)
  2 scorpions
  4 wights (D:6)
  2 howler monkeys
  A quasit (Sewer)
  A jelly (D:5)
  Crazy Yiuf (D:5)
  A hound (D:5)
  An orc priest (D:3)
  An orc wizard (D:3)
  4 iguanas
  4 worker ants
  2 big kobold zombies (Sewer)
  A hound skeleton (D:6)
  2 worker ant zombies (D:6)
  5 adders
  3 shadow imps (Sewer)
  5 ufetubi (Sewer)
  2 oozes (Sewer)
  An adder zombie (Sewer)
  An adder skeleton (D:4)
  2 worms
  A dart slug (D:1)
  8 leopard geckos
  13 orcs
  A bat zombie (Sewer)
  6 giant cockroaches
  5 goblins
  5 hobgoblins
  12 jackals
  3 ball pythons
  3 bats
  7 frilled lizards
  18 kobolds
  2 kobold zombies (Sewer)
  A quokka skeleton (D:4)
  10 rats
152 creatures vanquished.

Vanquished Creatures (others)
  An orc (D:3)
1 creature vanquished.

Grand Total: 153 creatures vanquished

Notes
Turn   | Place    | Note
-------+----------+-------------------------------------------
     0 | D:1      | Monkfish the Kobold Berserker began the quest for the Orb.
     0 | D:1      | Reached XP level 1. HP: 14/14 MP: 1/1
   138 | D:1      | Reached skill level 1 in Stealth
   138 | D:1      | Reached XP level 2. HP: 11/19 MP: 2/2
   624 | D:2      | Reached XP level 3. HP: 17/24 MP: 3/3
   850 | D:2      | Noticed a hand axe
   850 | D:2      | Noticed a dagger
   853 | D:2      | Found a hide-covered altar of Uskayaw.
  1191 | D:2      | Reached skill level 5 in Short Blades
  1191 | D:2      | Reached XP level 4. HP: 28/29 MP: 4/4
  1197 | D:2      | Gained mutation: You are partially covered in icy blue scales. (AC +2) [potion of mutation]
  1197 | D:2      | Gained mutation: You are agile. (Dex +2) [potion of mutation]
  1197 | D:2      | Gained mutation: You have a pair of small horns on your head. [potion of mutation]
  1234 | D:3      | Reached ** piety under Trog
  1234 | D:3      | Reached skill level 2 in Stealth
  1534 | D:3      | Reached skill level 3 in Stealth
  1534 | D:3      | Reached XP level 5. HP: 33/33 MP: 5/5
  1685 | D:3      | Found a shadowy altar of Dithmenos.
  1703 | D:3      | Found Gozag's Platinum Reserve.
  1707 | D:3      | Found an opulent altar of Gozag.
  2103 | D:4      | Reached skill level 4 in Stealth
  2134 | D:4      | Reached XP level 6. HP: 38/38 MP: 6/6
  2225 | D:4      | Reached skill level 5 in Stealth
  2433 | D:4      | Reached *** piety under Trog
  2541 | D:4      | Noticed an ogre
  2552 | D:4      | Killed an ogre
  2552 | D:4      | Reached XP level 7. HP: 44/44 MP: 7/7
  2561 | D:4      | Got a scorched hand axe
  2562 | D:4      | Identified the +7 hand axe "Sobleav" {chop, +Rage rPois} (You found it on level 4 of the Dungeon)
  2633 | D:4      | Found a stormy altar of Qazlal.
  2633 | D:4      | Found a sacrificial altar of Ru.
  2711 | D:4      | Reached skill level 6 in Stealth
  2889 | D:5      | Entered Level 5 of the Dungeon
  2896 | D:5      | Reached skill level 1 in Axes
  2935 | D:5      | Reached skill level 7 in Stealth
  2935 | D:5      | Reached XP level 8. HP: 41/48 MP: 8/8
  2946 | D:5      | Noticed Blork the orc
  2962 | D:5      | Reached skill level 5 in Fighting
  2990 | D:5      | Killed Blork the orc
  3096 | D:5      | Found a staircase to the Ecumenical Temple.
  3176 | D:5      | Noticed Menkaure
  3181 | D:5      | Killed Menkaure
  3437 | D:5      | Found a runed door.
  3667 | D:5      | Noticed Crazy Yiuf
  3676 | D:5      | Killed Crazy Yiuf
  3676 | D:5      | Reached skill level 8 in Stealth
  4006 | D:6      | Found a glowing drain.
  4010 | Sewer    | Entered a sewer
  4061 | Sewer    | Reached **** piety under Trog
  4104 | Sewer    | Found a burning altar of Makhleb.
  4153 | Sewer    | Noticed Grinder
  4163 | Sewer    | Killed Grinder
  4163 | Sewer    | Reached skill level 9 in Stealth
  4163 | Sewer    | Reached XP level 9. HP: 54/54 MP: 9/9
  4657 | D:6      | Reached ***** piety under Trog
  4719 | D:6      | Reached skill level 5 in Dodging
  4977 | D:7      | Noticed a troll
  4983 | D:7      | HP: 3/82 [troll (11)]
  4985 | D:7      | Slain by a troll

Skill      XL: |  1  2  3  4  5  6  7  8  9 |
---------------+----------------------------+-----
Stealth        | 1 3 4 5 7 9 |  9.9
Short Blades   | 5 7 |  7.0
Fighting       | 4 5 |  5.9
Dodging        | 3 4 5 |  5.0
Axes           | 1 4 |  4.9
Armour         | |  1.5

Action                   |  1- 3 |  4- 6 |  7- 9 || total
-------------------------+-------+-------+-------++-------
Melee: Short sword       |    85 |   132 |       ||   217
       Headbutt          |       |    24 |    26 ||    50
       Hand axe          |       |       |   190 ||   190
Invok: Berserk           |     1 |     3 |     4 ||     8
       Trog's Hand       |       |     1 |     4 ||     5
  Use: Scroll            |     5 |     6 |     5 ||    16
       Potion            |     1 |     2 |     2 ||     5
 Stab: Sleeping          |     4 |     3 |    15 ||    22
       Invisible         |       |     1 |       ||     1
  Eat: Chunk             |     9 |     9 |    10 ||    28
Armor: Animal skin       |     1 |       |       ||     1
       Leather armour    |     5 |    29 |    62 ||    96
Dodge: Dodged            |    51 |    90 |   188 ||   329
